cohdb
Replays
Latest Replays
All Replays
Popular Replays
Top Player Replays
Match Explorer
How It Works
Community
CoH3 Stats
Reddit
Sign in to upload your games and track your stats! →
Sign in with Steam
Match 45875992
Unlisted
Match 45875992
Overview
Messages
Build Orders
End
Construct Infanterie Kompanie
MG 42 Machine Gun Team
Selects Terror Battlegroup
Selects Machine Gun Camouflage
Grenadier Squad
Grenadier Squad
Medical Station
Construct Panzergrenadier Kompanie
Panzergrenadier Squad
星尘驱动
Cagiman
Ceyes
CPU - EASY
^8Prof. Mcihael
Ado
Abeli
Gems.Arev.43RD
0
0
Comments
sign in to comment!
No comments posted yet!